 Dungeon Crawl Stone Soup version 0.23.0 (webtiles) character file.

Game seed: 8012953081294967034

94 Mgcat the Skirmisher (level 4, -2/37 HPs)
             Began as a Barachi Fighter on Feb 13, 2019.
             Killed by divine providence
             ... invoked by an orc priest
              (12 damage)
             ... on level 3 of the Dungeon.
             The game lasted 00:03:23 (1743 turns).

Mgcat the Skirmisher (Barachi Fighter)              Turns: 1743, Time: 00:03:23

Health: -2/37      AC: 13    Str: 19    XL:     4   Next: 63%
Magic:  4/4        EV:  4    Int:  8    God:
Gold:   149        SH:  9    Dex: 11    Spells: 3/3 levels left

rFire    . . .     SeeInvis .   a - +0 war axe
rCold    . . .     Gourm    .   c - +0 shield
rNeg     . . .     Faith    .   l - +0 plate armour (curse)
rPois    +         Spirit   .   n - +2 hat
rElec    .         Reflect  .   (no cloak)
rCorr    .         Harm     .   (no gloves)
MR       .....                  (no boots)
Stlth    ..........             (no amulet)
HPRegen  0.12/turn              p - ring of poison resistance {rPois, !d}
MPRegen  0.09/turn              (no ring)

@: slow
A: +LOS, swims, slowness 1, strong legs 1
a: Hop


You were on level 3 of the Dungeon.
You were not hungry.

You visited 1 branch of the dungeon, and saw 3 of its levels.

You collected 149 gold pieces.

Inventory:

Hand Weapons
 a - a +0 war axe (weapon)
Armour
 c - a +0 shield (worn)
 l - a cursed +0 plate armour (worn)
   (You found it on level 1 of the Dungeon)
 n - a +2 hat (worn)
   (You found it on level 2 of the Dungeon)
Jewellery
 p - a ring of poison resistance (left hand) {rPois, !d}
   (You found it on level 2 of the Dungeon)
Scrolls
 g - 6 scrolls of identify {unknown}
 o - a scroll of immolation {unknown}
Potions
 b - a potion of flight {unknown}
 d - a potion of might
 e - a potion of ambrosia {unknown}
 h - 2 potions of lignification {unknown}
 i - a potion of heal wounds {unknown}
 j - a potion of degeneration {unknown}
 k - a potion of brilliance {unknown}
 q - a potion of cancellation {unknown}
 r - a potion of curing {unknown}
Comestibles
 f - 2 rations
 m - 4 chunks of flesh {@w0}


   Skills:
 + Level 4.3 Fighting
 + Level 3.0 Axes
 + Level 4.2 Armour
 + Level 1.7 Dodging
 + Level 3.9 Shields


You had 3 spell levels left.
You didn't know any spells.
Your spell library was empty.

Dungeon Overview and Level Annotations

Branches:
Dungeon (3/15)

Altars:
Ashenzari
Cheibriados
Qazlal
Vehumet


Innate Abilities, Weirdness & Mutations

Shadows flee at your approach. (+LOS)
You can swim through water.
You cover ground slowly.
You can hop short distances.


Message History

A goblin comes into view. It is wielding a +0 dagger.
Things that are here:
a +0 falchion; an orc corpse Spoiler Alert: The orc wizard might cast Slow, Confuse, Throw Flame, Throw Frost, or go Invisible!
You completely miss the hobgoblin.
The goblin shouts!
The hobgoblin barely misses you.
The orc wizard looks encouraged for a moment.
Spoiler Alert: The orc wizard might cast Slow, Confuse, Throw Flame, Throw Frost, or go Invisible!
You hit the orc.
The orc is severely wounded.
You closely miss the hobgoblin. The orc barely misses you.
The orc wizard looks encouraged for a moment.
You block the hobgoblin's attack. You block the orc's attack.
Spoiler Alert: The orc wizard might cast Slow, Confuse, Throw Flame, Throw Frost, or go Invisible!
The orc priest shouts!
You hit the orc.
You kill the orc!
Your shield and plate armour prevent you from hitting the hobgoblin.
The hobgoblin barely misses you. You block the hobgoblin's attack.
Warning x2: The orc wizard might cast Slow, Confuse, Throw Flame, Throw Frost, or go Invisible!
The orc priest can smite you!
You slash the orc wizard!
The orc wizard is severely wounded.
You slash the hobgoblin!
You kill the hobgoblin!
You block the orc wizard's attack.
Warning x2: The orc wizard might cast Slow, Confuse, Throw Flame, Throw Frost, or go Invisible!
The orc priest can smite you!
You closely miss the orc wizard.
The orc wizard is severely wounded.
The orc wizard casts a spell at you. The puff of flame hits you.
The orc wizard gestures wildly while chanting.
The orc wizard seems to speed up.
You take 4 damage, and have 33/37 hp.
Warning x2: The orc wizard might cast Slow, Confuse, Throw Flame, Throw Frost, or go Invisible!
The orc priest can smite you!
Your plate armour prevents you from hitting the orc wizard.
The orc wizard is severely wounded.
You closely miss the goblin.
The orc wizard begins to cast a cantrip, but forgets the words!
You block the goblin's attack.
The orc wizard hits you but does no damage.
The orc priest looks braver for a moment.
Some of the chunks of flesh in your inventory have rotted away.
Warning x2: The orc wizard might cast Slow, Confuse, Throw Flame, Throw Frost, or go Invisible!
The orc priest can smite you!
You closely miss the orc wizard.
The orc wizard is severely wounded.
You slash the goblin!
You kill the goblin!
The orc wizard casts a spell at you. The puff of frost hits you.
The orc priest calls down the wrath of Beogh upon you.
You barely resist.
The orc wizard hits you but does no damage.
You are electrocuted!
You take 20 damage, and have 13/37 hp.
MASSIVE DAMAGE!!
Warning x2: The orc wizard might cast Slow, Confuse, Throw Flame, Throw Frost, or go Invisible!
The orc priest can smite you!
You are too injured to fight recklessly!
Warning x2: The orc wizard might cast Slow, Confuse, Throw Flame, Throw Frost, or go Invisible!
The orc priest can smite you!
You are too injured to fight recklessly!
Warning x2: The orc wizard might cast Slow, Confuse, Throw Flame, Throw Frost, or go Invisible!
The orc priest can smite you!
You are too injured to fight recklessly!
Warning x2: The orc wizard might cast Slow, Confuse, Throw Flame, Throw Frost, or go Invisible!
The orc priest can smite you!
You are too injured to fight recklessly!
Warning x2: The orc wizard might cast Slow, Confuse, Throw Flame, Throw Frost, or go Invisible!
The orc priest can smite you!
You closely miss the orc wizard.
The orc wizard is severely wounded.
The orc wizard points at you and mumbles some strange words.
The puff of flame hits you.
* * * LOW HITPOINT WARNING * * *
The orc wizard points at you and mumbles some strange words.
The puff of frost hits you but does no damage.
You take 3 damage, and have 10/37 hp.
Warning x2: The orc wizard might cast Slow, Confuse, Throw Flame, Throw Frost, or go Invisible!
The orc priest can smite you!
You barely miss the orc wizard.
The orc wizard is severely wounded.
The orc wizard shouts!
You hit the orc but do no damage.
The orc wizard hits you but does no damage.
The orc priest calls upon Beogh to heal the orc wizard.
The orc wizard is healed somewhat.
The orc hits you but does no damage. You block the orc wizard's attack.
Warning x3: The orc wizard might cast Slow, Confuse, Throw Flame, Throw Frost, or go Invisible! x2
The orc priest can smite you!
Your shield and plate armour prevent you from hitting the orc wizard.
The orc wizard is moderately wounded.
You hit the orc. You block the orc wizard's attack.
The orc wizard hits you but does no damage.
The orc wizard gestures wildly while chanting.
The orc wizard seems to speed up.
You block the orc's attack.
The orc wizard looks braver for a moment.
The orc priest hits you but does no damage.
Warning x3: The orc wizard might cast Slow, Confuse, Throw Flame, Throw Frost, or go Invisible! x2
The orc priest can smite you!
You hit the orc priest.
The orc priest is heavily wounded.
You hit the orc.
You kill the orc!
You hit the orc wizard but do no damage.
The orc wizard barely misses you. You block the orc wizard's attack.
The orc priest invokes the aid of Beogh against you.
Beogh smites you!
You die...

#.###..# ##.###..#
####...#...###########
#......#..............
#..._...#########.#
#...#...# #.#
#...#...# #.#
#..###..# #.#
#)@###..# #.#
#oo###..# #.#
#.......# #.#
.........# #.#
#.#.###..# #.# #.#o#
..# #[#.# .# # ..#.#
.# . # .° . ...


You could see an orc priest and 2 orc wizards.

Vanquished Creatures
  3 adders
  An ooze (D:2)
  A worm (D:2)
  2 dart slugs (D:1)
  A leopard gecko (D:3)
  3 orcs (D:3)
  A ball python (D:1)
  2 giant cockroaches
  5 hobgoblins
  4 jackals (D:2)
  A quokka (D:3)
  2 bats (D:2)
  4 frilled lizards
  9 goblins
  5 kobolds
  8 rats
52 creatures vanquished.

Notes
Turn   | Place    | Note
-------+----------+-------------------------------------------
     0 | D:1      | Mgcat the Barachi Fighter began the quest for the Orb.
     0 | D:1      | Reached XP level 1. HP: 18/18 MP: 1/1
   134 | D:1      | Reached XP level 2. HP: 23/25 MP: 2/2
   593 | D:1      | Reached skill level 1 in Dodging
   700 | D:2      | Reached XP level 3. HP: 30/30 MP: 3/3
   703 | D:2      | Reached skill level 4 in Armour
   796 | D:2      | Reached skill level 4 in Fighting
   866 | D:2      | Found a radiant altar of Vehumet.
   867 | D:2      | Found a snail-covered altar of Cheibriados.
  1228 | D:3      | Found a stormy altar of Qazlal.
  1236 | D:3      | HP: 7/30 [orc priest/divine providence (9)]
  1252 | D:2      | Reached XP level 4. HP: 12/37 MP: 4/4
  1597 | D:3      | Reached skill level 3 in Axes
  1711 | D:3      | Found a shattered altar of Ashenzari.
  1743 | D:3      | Killed from afar by an orc priest

Skill      XL: |  1  2  3  4 |
---------------+-------------+-----
Dodging        | 1 |  1.7
Armour         | 4 |  4.2
Fighting       | 4 |  4.3
Axes           | 3 |  3.0
Shields        | |  3.9

Action                   |  1- 3 |  4- 6 || total
-------------------------+-------+-------++-------
Melee: War axe           |   137 |    73 ||   210
  Eat: Chunk             |     2 |     2 ||     4
Armor: Scale mail        |    17 |       ||    17
       Plate armour      |    85 |    39 ||   124
Dodge: Dodged            |    26 |    24 ||    50
Block: Shield            |    77 |    40 ||   117

Levels and vault maps discovered:
D:1:      dpeg_arrival_refuge, layout_loops_cross
D:2:      layout_basic, chequers_temple_overflow_statue_of_worship
D:3:      layout_basic, grunt_qazlal_clouds, cheibrodos_ashenzari_chains

Table legend:
 A = Turns spent in this place as a percentage of turns spent in the entire game.
 B = Non-inter-level travel turns spent in this place as a percentage of non-inter-level travel turns spent in the entire game.
 C = Inter-level travel turns spent in this place as a percentage of turns spent in this place.
 D = Turns resting spent in this place as a percentage of non-inter-level travel turns spent in this place.
 E = Turns spent auto-exploring this place as a percentage of non-inter-level travel turns spent in this place.
 F = Non-inter-level travel turns spent in this place divided by the number of levels of this place that you've seen.
                   A       B       C       D       E      F
               +-------+-------+-------+-------+-------+----------------------
         Total | 100.0 | 100.0 |   6.5 |  12.9 |  64.0 | 543.3
       Dungeon | 100.0 | 100.0 |   6.5 |  12.9 |  64.0 | 543.3
               +-------+-------+-------+-------+-------+----------------------

Table legend:
 A = Kills in this place as a percentage of kills in entire the game.
 B = Kills by you in this place as a percentage of kills by you in the entire game.
 C = Kills by friends in this place as a percentage of kills by friends in the entire game.
 D = Other kills in this place as a percentage of other kills in the entire game.
 E = Experience gained in this place as a percentage of experience gained in the entire game.
 F = Experience gained in this place divided by the number of levels of this place that you have seen.
                   A       B       C       D       E      F
               +-------+-------+-------+-------+-------+----------------------
         Total | 100.0 | 100.0 |   N/A |   N/A | 100.0 |  45.0
       Dungeon | 100.0 | 100.0 |   N/A |   N/A | 100.0 |  45.0
               +-------+-------+-------+-------+-------+----------------------
